 Dungeon Crawl Stone Soup version 0.24.0-37-gcf1ca852f1 (webtiles) character file.

Game seed: 10614238307801648417, levelgen mode: deterministic

2936 ithillserisiriel the Carver (level 9, 0/75 HPs)
             Began as a Hill Orc Fighter on Dec 4, 2019.
             Was an Initiate of Gozag.
             Slain by an enormous slime creature (11 damage)
             ... on level 8 of the Dungeon.
             The game lasted 00:45:44 (7584 turns).

ithillserisiriel the Carver (Hill Orc Fighter)      Turns: 7584, Time: 00:45:45

Health: 0/75       AC: 15    Str: 20    XL:     9   Next: 80%
Magic:  9/9        EV:  8    Int:  8    God:    Gozag
Gold:   653        SH: 11    Dex: 12    Spells: 8/8 levels left

rFire    . . .     SeeInvis .   a - +1 long sword
rCold    . . .     Gourm    .   c - +0 shield
rNeg     . . .     Faith    .   r - +2 plate armour
rPois    +         Spirit   .   (no helmet)
rElec    .         Reflect  .   t - +0 cloak
rCorr    .         Harm     .   (no gloves)
MR       .....                  (no boots)
Stlth    ..........             n - amulet of regeneration
HPRegen  0.62/turn              m - +4 ring of evasion
MPRegen  0.11/turn              i - ring of poison resistance

@: studying Conjurations
A: no striking features
a: Potion Petition, Call Merchant, Bribe Branch, Renounce Religion


You were on level 8 of the Dungeon.
You worshipped Gozag.
Gozag was pleased with you.
You were not hungry.

You visited 2 branches of the dungeon, and saw 9 of its levels.

You collected 729 gold pieces.
You paid 76 gold pieces to Gozag.

Inventory:

Hand Weapons
 a - a +1 long sword (weapon)
Missiles
 b - 5 curare-tipped darts (quivered)
Armour
 c - a +0 shield (worn)
 r - a +2 plate armour (worn)
 t - a +0 cloak (worn)
Magical Staves
 y - an uncursed staff of power
Jewellery
 i - a ring of poison resistance (right hand)
 k - an uncursed ring of flight {unknown}
 m - a +4 ring of evasion (left hand)
 n - an amulet of regeneration (around neck)
 p - a cursed amulet of inaccuracy {unknown}
 z - an uncursed amulet of the acrobat {unknown}
 D - a +3 ring of intelligence {unknown}
Wands
 u - a wand of disintegration (8)
 A - a wand of random effects (10)
 C - a wand of polymorph (7)
Scrolls
 l - 2 scrolls of teleportation
 x - 2 scrolls of fear
Potions
 d - a potion of might
 e - a potion of invisibility {unknown}
 g - a potion of brilliance {unknown}
 h - a potion of degeneration {unknown}
 j - 4 potions of heal wounds
 o - a potion of lignification {unknown}
 q - a potion of ambrosia {unknown}
 s - 2 potions of curing {unknown}
 v - a potion of haste {unknown}
 B - a potion of flight {unknown}
Books
 w - a manual of Conjurations
Comestibles
 f - 5 rations


   Skills:
 + Level 6.2 Fighting
 + Level 9.1 Long Blades
 + Level 5.7 Armour
 * Level 4.8 Stealth
 - Level 8.0 Shields


You had 8 spell levels left.
You didn't know any spells.
Your spell library was empty.

Dungeon Overview and Level Annotations

Branches:
Dungeon (8/15)             Temple (1/1) D:6
   Lair: D:8-11

Altars:
Cheibriados
Dithmenos
Fedhas
Gozag
Hepliaklqana
Kikubaaqudgha
Makhleb
Nemelex Xobeh
Okawaru
Qazlal
Ru
Sif Muna
Trog
Uskayaw
Wu Jian
Xom
Yredelemnul
Zin
The Shining One

Shops:
D:4 :   D:6 (=(


Message History

You slash the enormous slime creature!
The enormous slime creature is lightly wounded.
The enormous slime creature barely misses you.
You hit the enormous slime creature.
The enormous slime creature is lightly wounded.
The enormous slime creature barely misses you.
You slash the enormous slime creature!
The enormous slime creature is moderately wounded.
The enormous slime creature hits you!!!
* * * LOW HITPOINT WARNING * * *
You hear a shout!
You slash the enormous slime creature!
The enormous slime creature is moderately wounded.
You hear a shout!
You block the enormous slime creature's attack.
You hit the enormous slime creature.
The enormous slime creature is moderately wounded.
The enormous slime creature hits you!
You die...
Your body crumbles into a pile of gold.

###
#########.....
#.lJ@.........
#....#######.####
### ########
#...<..# #....#.#
$ .......W# #


You could see an enormous slime creature and a leopard gecko.

Vanquished Creatures
  Pikel (D:7)
  Grinder (D:6)
  4 yaks (D:6)
  The ghost of dasteron the Skirmisher, an amateur GrBe of Trog (D:4)
  2 orc warriors (D:6)
  A sky beast (D:5)
  A slave (D:7)
  A necrophage (D:7)
  A centaur (D:5)
  Blork the orc (D:6)
  2 bullfrogs (D:6)
  2 scorpions
  2 howler monkeys (D:6)
  A crimson imp (D:7)
  A centaur zombie (D:7)
  A quasit (D:5)
  3 hounds
  4 orc wizards
  4 iguanas
  A worker ant (D:6)
  A killer bee zombie (D:7)
  3 hound zombies (D:7)
  2 hound skeletons (D:7)
  7 gnolls
  4 adders
  An ooze (D:2)
  A worm (D:5)
  2 dart slugs
  3 leopard geckos
  19 orcs
  3 bats (D:2)
  3 giant cockroaches
  5 goblins
  9 hobgoblins
  3 jackals (D:5)
  8 quokkas
  A frilled lizard (D:1)
  A goblin skeleton (D:5)
  3 hobgoblin zombies (D:5)
  2 jackal skeletons
  11 kobolds
  An orc skeleton (D:5)
  3 orc zombies (D:5)
  A quokka skeleton (D:7)
  12 rats
  A bush (D:5)
145 creatures vanquished.

Vanquished Creatures (others)
  An orc wizard (D:6)
1 creature vanquished.

Grand Total: 146 creatures vanquished

Notes
Turn   | Place    | Note
-------+----------+-------------------------------------------
     0 | D:1      | ithillserisiriel the Hill Orc Fighter began the quest for
                  | the Orb.
     0 | D:1      | Reached XP level 1. HP: 19/19 MP: 1/1
   404 | D:1      | Reached XP level 2. HP: 23/27 MP: 2/2
   780 | D:1      | Found a shimmering altar of Xom.
  1196 | D:2      | Reached XP level 3. HP: 33/33 MP: 3/3
  2082 | D:3      | Reached XP level 4. HP: 40/40 MP: 4/4
  2329 | D:3      | Found a snail-covered altar of Cheibriados.
  2349 | D:3      | Reached skill level 3 in Long Blades
  2645 | D:3      | Reached skill level 1 in Stealth
  2836 | D:3      | Reached XP level 5. HP: 43/46 MP: 5/5
  2906 | D:4      | Found a runed translucent gate.
  2907 | D:4      | Found a runed translucent gate.
  2909 | D:4      | Found a runed translucent gate.
  2909 | D:4      | Noticed dasteron's ghost (amateur GrBe)
  2909 | D:4      | Identified the +10 dagger of Subterfuge {pain, Dex+2}
  3334 | D:4      | Noticed an ice beast
  3964 | D:4      | Reached skill level 5 in Shields
  3986 | D:5      | Entered Level 5 of the Dungeon
  4087 | D:4      | Found Iqegots's Book Emporium.
  4282 | D:4      | Killed dasteron's ghost
  4282 | D:4      | Reached skill level 4 in Long Blades
  4282 | D:4      | Reached XP level 6. HP: 46/52 MP: 6/6
  4753 | D:5      | Noticed a sky beast
  4794 | D:5      | Killed a sky beast
  4794 | D:5      | Reached XP level 7. HP: 54/59 MP: 7/7
  4864 | D:5      | Found an opulent altar of Gozag.
  4872 | D:5      | Became a worshipper of Gozag Ym Sagoz the Greedy
  4915 | D:5      | Found a blossoming altar of Fedhas.
  5241 | D:5      | Found a shadowy altar of Dithmenos.
  5248 | D:5      | Found a hide-covered altar of Uskayaw.
  5364 | D:5      | Found a glowing golden altar of the Shining One.
  5419 | D:5      | Reached skill level 5 in Long Blades
  5601 | D:6      | Found a staircase to the Ecumenical Temple.
  5649 | D:6      | Found Pifobb's Antique Weapon Shop.
  5747 | D:6      | Noticed a yak
  5747 | D:6      | Noticed a yak
  5747 | D:6      | Noticed a yak
  5748 | D:6      | Noticed a yak
  5748 | D:6      | Noticed Grinder
  5773 | D:6      | Found Syquabid's Book Shop.
  5860 | D:6      | Found Wyjo's Book Boutique.
  5944 | D:6      | Noticed Blork the orc
  5981 | D:6      | Killed Blork the orc
  5981 | D:6      | Reached XP level 8. HP: 27/66 MP: 8/8
  6002 | Temple   | Entered the Ecumenical Temple
  6091 | D:5      | Found an ornate altar of the Wu Jian Council.
  6229 | D:6      | Paralysed by Grinder for 4 turns
  6252 | D:6      | Paralysed by Grinder for 3 turns
  6263 | D:6      | Killed Grinder
  6263 | D:6      | Reached skill level 6 in Long Blades
  6329 | D:6      | Killed a yak
  6351 | D:6      | Killed a yak
  6351 | D:6      | Reached skill level 7 in Long Blades
  6368 | D:6      | Killed a yak
  6368 | D:6      | Reached skill level 5 in Fighting
  6368 | D:6      | Reached XP level 9. HP: 41/74 MP: 9/9
  6398 | D:6      | Found a burning altar of Makhleb.
  6458 | D:6      | Found Wifeat's Antique Weapon Boutique.
  6472 | D:6      | Found Simiosa's Jewellery Shop.
  6631 | D:6      | Found a bloodstained altar of Trog.
  6649 | D:6      | Reached skill level 5 in Armour
  6875 | D:7      | Reached skill level 8 in Long Blades
  7420 | D:7      | Noticed Pikel
  7452 | D:7      | Killed Pikel
  7452 | D:7      | Reached skill level 9 in Long Blades
  7562 | D:7      | You fall into a shaft and drop 1 floor!
  7584 | D:8      | Slain by an enormous slime creature

Levels and vault maps discovered:
D:1:      scummos_arrival_gate, layout_loops_cross, chequers_garden,
          xom_teletrap_fun
D:2:      layout_rooms, hangedman_decor_growths, item_on_display_a
D:3:      layout_basic, cheibriados_altar_1
D:4:      layout_rooms, serial_shops, nicolae_shop_behind_doors, first_ration,
          gammafunk_ghost_nasty_kobolds, serial_park_tiny_1
D:5:      lemuel_upstairs_altar, layout_cave_pools, marbit_many_paths,
          fedhas_bush_and_centaur_altar, nicolae_tso_besieged_by_evil,
          minitemple, hangedman_decor_push, minmay_manual_moon
D:6:      layout_loops_ring, lightli_temple_of_fire, temple_pool_b,
          serial_shops, shop_fountains, nicolae_shop_waterfront, shop, shop,
          kennysheep_little_box, trog_butcher_becter, uniq_blork_the_orc,
          uniq_grinder
D:7:      layout_rooms, serial_park_tiny_2, uniq_pikel
D:8:      layout_basic, lemuel_doored_altar,
          gammafunk_temple_overflow_forgotten, minmay_lair_entry_grove
Temple:   minmay_freezing_vapour_temple

Skill      XL: |  1  2  3  4  5  6  7  8  9 |
---------------+----------------------------+-----
Fighting       | 4 5 6 |  6.2
Shields        | 4 5 6 7 8 |  8.0
Long Blades    | 3 4 5 7 9 |  9.1
Stealth        | 1 2 4 |  4.8
Armour         | 4 5 |  5.7

Action                   |  1- 3 |  4- 6 |  7- 9 || total
-------------------------+-------+-------+-------++-------
Melee: Long sword        |   106 |   261 |   648 ||  1015
Throw: Dart              |       |       |     7 ||     7
  Use: Scroll            |     4 |     6 |     4 ||    14
 Stab: Distracted        |       |       |     2 ||     2
  Eat: Ration            |     1 |     3 |     3 ||     7
       Chunk             |       |       |     1 ||     1
Armor: Scale mail        |    47 |       |       ||    47
       Plate armour      |     2 |   156 |   331 ||   489
Dodge: Dodged            |    44 |    65 |   206 ||   315
Block: Shield            |    69 |   139 |   355 ||   563
       Rpst.: Long sword |    16 |    21 |    47 ||    84
